Map: [ESL] Oceanborn

Players

Harstem - Winner!

  • Race: Protoss Protoss
  • Spawn Location: 5:00

Lambo

  • Race: Zerg Zerg
  • Spawn Location: 11:00

Event: ESL SC2 Masters 2024 Spring (Regional)

VOD

Have the link to the VOD?

Description

Time

  • Played on: April 12, 2024, 12:33 p.m.
  • Length: 12:33

All games in this series

Show
View Real Time Build Order
Export as new Build Order

Harstem Protoss - Winner!

Build Orders: 1 Gate Expand, Oracle Opening, Archon Immortal 

Get SALT Encoding   

  12  0:00  Probe  
  13  0:12  Probe  
  14  0:19  Pylon  
  14  0:24  Probe  
  15  0:37  Probe (Chrono Boost)  
  15  0:39  Gateway  
  16  0:47  Probe (Chrono Boost)  
  17  0:50  Assimilator  
  17  0:52  Probe (Chrono Boost)  
  18  1:03  Probe  
  19  1:15  Probe  
  20  1:26  Nexus  
  20  1:35  Cybernetics Core  
  20  1:37  Probe  
  21  1:47  Assimilator  
  21  1:49  Probe  
  21  1:53  Pylon  
  22  2:02  Probe  
  23  2:09  Adept (Chrono Boost)  
  23  2:14  Probe  
  26  2:23  Stargate  
  26  2:26  Probe  
  26  2:29  Adept (Chrono Boost)  
  29  2:38  Warp Gate, Probe x2  
  31  2:50  Probe (Chrono Boost)  
  33  2:51  Probe (Chrono Boost)  
  33  2:52  Adept  
  35  3:02  Probe (Chrono Boost)  
  35  3:04  Pylon  
  37  3:08  Oracle (Chrono Boost), Probe (Chrono Boost)  
  37  3:10  Probe (Chrono Boost)  
  41  3:14  Probe (Chrono Boost)  
  41  3:17  Probe  
  43  3:25  Gateway  
  43  3:26  Probe  
  44  3:29  Probe  
  45  3:35  Oracle (Chrono Boost)  
  45  3:38  Pylon, Probe  
  45  3:41  Probe  
  50  3:52  Nexus  
  50  3:54  Probe  
  51  3:56  Probe  
  52  4:04  Twilight Council  
  52  4:06  Probe  
  53  4:10  Probe  
  53  4:15  Gateway  
  53  4:16  Gateway  
  54  4:18  Assimilator  
  54  4:19  Probe  
  55  4:26  Stalker, Probe  
  55  4:31  Probe  
  55  4:35  Resonating Glaives (Chrono Boost)  
  55  4:36  Pylon  
  55  4:38  Assimilator, Probe  
  56  4:43  Probe  
  58  4:45  Adept  
  58  4:50  Probe  
  61  4:56  Probe  
  62  5:02  Probe  
  62  5:05  Robotics Facility  
  62  5:07  Probe  
  64  5:08  Probe, Adept x2  
  64  5:10  Adept x2  
  73  5:14  Probe  
  73  5:16  Pylon  
  73  5:19  Probe  
  73  5:20  Probe  
  76  5:27  Probe  
  77  5:29  Adept x2  
  77  5:30  Adept x2  
  77  5:34  Probe x2  
  87  5:39  Probe  
  88  5:46  Probe x2  
  90  5:51  Probe  
  90  5:52  Charge (Chrono Boost), Pylon  
  90  5:54  Pylon, Observer, Forge  
  91  5:58  Shield Battery  
  91  5:59  Probe  
  91  6:04  Assimilator  
  93  6:07  Assimilator  
  93  6:09  Gateway  
  93  6:10  Probe x2  
  93  6:11  Templar Archives, Probe  
  84  6:18  Warp Prism (Chrono Boost)  
  84  6:22  Probe x2  
  84  6:23  Probe  
  84  6:25  Gateway  
  89  6:26  Gateway  
  89  6:28  Gateway  
  89  6:29  Zealot  
  89  6:32  Zealot x2  
  95  6:34  Probe x2  
  95  6:35  Probe, Gateway  
  95  6:37  Sentry  
  95  6:39  Pylon  
  100  6:50  Stalker  
  100  6:52  Stalker  
  100  6:53  Stalker  
  104  6:55  Observer  
  104  6:56  Probe  
  104  6:59  Sentry  
  104  7:00  Probe  
  108  7:03  Cybernetics Core, Protoss Ground Weapons Level 1 (Chrono Boost), Probe  
  105  7:13  Pylon, Gateway  
  105  7:15  Pylon x2  
  105  7:17  Gateway  
  105  7:19  Shield Battery  
  105  7:24  Pylon  
  105  7:31  Probe x2  
  105  7:34  Pylon, High Templar, Nexus  
  105  7:35  Pylon, High Templar x3  
  105  7:36  Zealot x2  
  119  7:39  Phoenix  
  119  7:41  Archon x2  
  122  7:44  Probe  
  122  7:47  Probe  
  122  7:49  Probe  
  124  7:58  Zealot x2  
  129  8:07  Psionic Storm  
  129  8:08  Zealot x5  
  129  8:12  Observer  
  131  8:20  Immortal (Chrono Boost)  
  131  8:21  Probe, Nexus  
  131  8:24  Robotics Facility  
  134  8:28  High Templar x3  
  134  8:31  Pylon  
  140  8:34  Pylon  
  140  8:36  Observer  
  140  8:40  Probe  
  140  8:41  Pylon, High Templar, Photon Cannon  
  133  8:43  Photon Cannon  
  133  8:45  Shield Battery  
  133  8:48  Zealot, High Templar x2  
  131  8:49  Zealot, Shield Battery  
  131  8:53  Shield Battery  
  131  8:55  Pylon  
  131  8:58  Archon  
  131  9:00  Protoss Ground Weapons Level 2 (Chrono Boost)  
  131  9:05  Immortal (Chrono Boost)  
  135  9:11  Nexus  
  135  9:16  Zealot x4, High Templar x2  
  142  9:21  Archon  
  142  9:31  Zealot x2  
  144  9:34  Immortal (Chrono Boost)  
  146  9:40  Zealot  
  146  9:46  Immortal (Chrono Boost)  
  146  9:47  Nexus  
  146  9:49  Pylon  
  146  9:50  High Templar x2  
  150  9:55  Archon  
  150  9:59  High Templar  
  152  10:03  Probe  
  152  10:04  Probe  
  154  10:07  Zealot x5  
  154  10:09  Pylon  
  162  10:27  Stalker  
  164  10:32  Immortal (Chrono Boost)  
  164  10:34  High Templar  
  164  10:35  Observer  
  172  10:36  Pylon  
  172  10:38  Shield Battery  
  172  10:40  Gateway  
  172  10:41  Gateway  
  172  10:42  Immortal (Chrono Boost)  
  168  10:47  High Templar  
  168  10:48  Zealot x2, High Templar  
  176  10:52  Archon, Photon Cannon  
  176  10:58  Zealot x2  
  178  11:10  Immortal (Chrono Boost)  
  174  11:23  Zealot x5  
  174  11:24  Zealot x3  
  166  11:41  Immortal  
  166  11:48  Probe x2  
  166  11:49  Assimilator  
  166  11:51  Zealot x8, Assimilator  
  166  11:52  Photon Cannon  
  178  12:00  High Templar x2  
  178  12:05  Archon  
  178  12:16  Zealot x8  
Show
View Real Time Build Order
Export as new Build Order

Lambo Zerg 

Build Orders: Hatch First, Lurkers 

Get SALT Encoding   

  12  0:00  Drone  
  13  0:12  Overlord  
  13  0:16  Drone  
  14  0:30  Drone x2  
  16  0:47  Hatchery  
  15  0:50  Drone  
  15  0:54  Drone  
  18  0:57  Drone  
  18  1:08  Extractor  
  17  1:12  Spawning Pool  
  17  1:15  Drone  
  17  1:19  Drone  
  18  1:28  Drone  
  19  1:38  Drone  
  20  1:49  Drone  
  21  1:59  Queen x2  
  25  2:01  Zergling x2, Overlord  
  26  2:08  Metabolic Boost  
  26  2:12  Drone x2  
  28  2:21  Drone x2  
  30  2:32  Drone x2  
  30  2:36  Queen  
  34  2:46  Hatchery  
  34  2:48  Overlord  
  34  2:50  Zergling x2  
  34  2:56  Zergling x2  
  35  3:03  Zergling x2  
  36  3:06  Zergling x2, Queen  
  36  3:07  Overlord  
  36  3:10  Drone x2  
  41  3:18  Drone x2  
  42  3:20  Drone  
  43  3:28  Drone  
  43  3:29  Drone  
  43  3:31  Drone x2  
  47  3:34  Queen  
  47  3:40  Drone x2  
  51  3:45  Spore Crawler  
  51  3:47  Overlord, Extractor, Queen  
  52  3:51  Overlord  
  51  4:03  Drone x7  
  51  4:08  Drone  
  59  4:12  Drone  
  59  4:15  Drone x3  
  59  4:16  Spore Crawler  
  62  4:17  Drone  
  62  4:19  Evolution Chamber  
  62  4:23  Overlord  
  62  4:26  Drone x2  
  62  4:27  Drone  
  65  4:31  Drone  
  65  4:32  Overlord  
  65  4:33  Zergling x2  
  65  4:37  Zergling x2  
  67  4:42  Zergling x2  
  67  4:43  Drone  
  69  4:46  Drone x4  
  69  4:47  Zerg Melee Weapons Level 1  
  69  4:50  Extractor  
  69  4:51  Baneling Nest  
  71  4:53  Overlord  
  71  4:57  Hatchery  
  71  4:58  Drone  
  71  5:02  Drone x4  
  71  5:04  Overlord  
  71  5:06  Drone x2  
  77  5:09  Overlord  
  77  5:11  Overlord  
  77  5:14  Zergling x6  
  77  5:18  Spore Crawler  
  77  5:20  Zergling x8  
  82  5:23  Zergling x4  
  82  5:26  Extractor  
  82  5:27  Zergling x4  
  86  5:35  Zergling x4  
  86  5:38  Lair  
  86  5:40  Overlord  
  86  5:44  Zergling x14  
  93  5:50  Zergling x8  
  93  5:51  Baneling x3  
  93  5:52  Baneling x3  
  93  5:56  Zergling x4  
  99  5:58  Baneling x2  
  99  6:00  Zergling x2  
  100  6:05  Zergling x4  
  103  6:11  Zergling x14  
  103  6:17  Drone x5  
  109  6:19  Drone  
  109  6:21  Drone  
  109  6:24  Drone  
  112  6:27  Drone  
  112  6:32  Drone x2  
  113  6:35  Drone  
  113  6:39  Drone  
  114  6:43  Baneling x7  
  111  6:47  Drone x9  
  111  6:51  Extractor  
  111  6:52  Hydralisk Den, Spore Crawler  
  111  6:53  Extractor  
  117  6:55  Drone  
  117  6:57  Drone x2  
  116  7:06  Zergling x10  
  115  7:12  Drone x2  
  115  7:13  Overseer  
  117  7:16  Zergling x16  
  117  7:17  Zerg Melee Weapons Level 2  
  117  7:19  Centrifugal Hooks  
  125  7:22  Hatchery  
  125  7:27  Baneling  
  124  7:31  Hydralisk x3, Muscular Augments, Extractor  
  124  7:34  Zergling x12  
  135  7:38  Extractor  
  135  7:41  Overlord x2, Drone  
  135  7:42  Overlord x2  
  135  7:43  Overlord  
  134  7:44  Overlord  
  134  7:45  Overlord  
  134  7:48  Overlord  
  134  7:52  Drone  
  134  7:55  Overlord  
  134  7:59  Hydralisk x5  
  134  8:03  Hydralisk x3  
  138  8:09  Hydralisk x2, Zergling x2  
  139  8:13  Zergling x16  
  139  8:16  Baneling  
  139  8:17  Baneling x2  
  139  8:18  Zergling x6  
  149  8:25  Drone x3  
  152  8:33  Zergling x2  
  152  8:34  Zergling x10  
  158  8:35  Grooved Spines  
  158  8:40  Hydralisk x4  
  166  8:42  Zergling x2  
  166  8:43  Zergling x14  
  166  8:47  Drone  
  169  8:50  Drone x2  
  170  8:55  Zergling x4  
  170  8:59  Baneling  
  170  9:00  Spine Crawler, Baneling x8  
  170  9:01  Zergling x6  
  174  9:06  Zergling x14  
  174  9:07  Baneling  
  174  9:08  Baneling x3  
  174  9:09  Zergling x2  
  182  9:14  Zergling x2  
  182  9:15  Zergling x10  
  182  9:16  Baneling x4  
  187  9:20  Drone  
  180  9:29  Zergling x10  
  165  9:32  Zergling x8  
  169  9:41  Extractor  
  169  9:42  Infestation Pit, Extractor  
  169  9:43  Drone x3  
  169  9:44  Drone x3  
  170  9:45  Drone x3  
  170  9:46  Drone  
  170  9:47  Drone x2  
  170  9:48  Extractor  
  170  9:49  Zerg Missile Weapons Level 1  
  174  9:53  Lurker Den  
  174  9:54  Drone x4  
  174  9:55  Spore Crawler  
  174  9:57  Baneling  
  174  9:58  Baneling x3  
  176  10:02  Drone x2  
  176  10:03  Drone  
  179  10:09  Spine Crawler  
  179  10:10  Overlord, Spine Crawler, Drone x2  
  179  10:12  Spine Crawler  
  178  10:19  Hive  
  178  10:22  Evolution Chamber  
  173  10:34  Drone x3  
  173  10:35  Drone x3  
  168  10:43  Drone  
  168  10:44  Drone x2  
  168  10:45  Spine Crawler  
  168  10:49  Overseer  
  170  10:51  Baneling x3  
  170  10:52  Baneling  
  170  10:54  Zergling x30  
  185  11:03  Zergling x2  
  185  11:04  Zergling x10  
  189  11:07  Spine Crawler x2  
  189  11:08  Spine Crawler  
  184  11:14  Spine Crawler, Drone  
  184  11:16  Overlord  
  183  11:22  Pneumatized Carapace  
  183  11:28  Zergling x20, Baneling x11  
  193  11:34  Zergling x14  
  193  11:39  Zergling x8  
  169  12:00  Hydralisk x8  
  172  12:07  Lurker x9  
  179  12:08  Zergling x32  
Tags
 
Add a new tag
Caveats
  • Supply blocks, unpowered buildings, or Contaminate may cause inaccurate times.
  • Supply counts are checked every 10 seconds.